 Dungeon Crawl Stone Soup version 0.19.5 (webtiles) character file.

1829 McKennaii the Cleaver (level 8, -1/70 HPs)
             Began as a Minotaur Fighter on May 2, 2017.
             Slain by a killer bee (5 damage)
             ... on level 6 of the Dungeon.
             The game lasted 00:12:39 (4037 turns).

McKennaii the Cleaver (Minotaur Fighter)            Turns: 4037, Time: 00:12:40

Health: -1/70      AC:  9    Str: 21    XL:     8   Next: 86%
Magic:  7/7        EV: 11    Int:  5    God:
Gold:   264        SH: 11    Dex: 12    Spells: 0 memorised, 7 levels left

rFire  . . .     SeeInvis .     a - +0 war axe
rCold  . . .     Gourm    .     j - +3 ring mail
rNeg   . . .     Faith    .     c - +0 shield
rPois  .         Spirit   .     (helmet restricted)
rElec  .         Reflect  .     (no cloak)
rCorr  +         Harm     .     (no gloves)
MR     .....                    (no boots)
Stlth  +.........               (no amulet)
                                C - ring of resist corrosion
                                i - ring of flight

@: lethally poisoned (-1 -> -4)
A: retaliatory headbutt, horns 2
a: Evoke Flight


You were on level 6 of the Dungeon.
You were hungry.

You visited 1 branch of the dungeon, and saw 7 of its levels.

You collected 264 gold pieces.

Inventory:

Hand Weapons
 a - a +0 war axe (weapon)
Armour
 c - a +0 shield (worn)
 j - a +3 ring mail (worn)
Jewellery
 g - an uncursed ring of ice
 i - a ring of flight (left hand)
 C - a ring of resist corrosion (right hand)
Scrolls
 b - a scroll of enchant armour {unknown}
 e - 3 scrolls of teleportation
 h - 3 scrolls of recharging
 k - 4 scrolls of remove curse
 l - 3 scrolls of identify {unknown}
 p - 3 scrolls of random uselessness {unknown}
 q - a scroll of fog {unknown}
 v - a scroll of amnesia {unknown}
 x - a scroll of enchant weapon {unknown}
 E - a scroll of fear {unknown}
Potions
 d - a potion of might
 n - a potion of cancellation {unknown}
 s - a potion of mutation {unknown}
 t - a potion of ambrosia {unknown}
 u - a potion of agility {unknown}
 w - a potion of berserk rage {unknown}
 z - a potion of curing {unknown}
 B - a potion of magic {unknown}
Books
 A - a book of Necromancy

   Spells                             Type                      Level
   a - Pain                           Necromancy                   1
   b - Animate Skeleton               Necromancy                   1
   c - Vampiric Draining              Necromancy                   3
   d - Regeneration                   Charms/Necromancy            3
   e - Animate Dead                   Necromancy                   4
   f - Control Undead                 Necromancy                   4
Comestibles
 f - 3 bread rations
 o - a slice of pizza
 r - a beef jerky
 D - a meat ration


   Skills:
 + Level 6.2 Fighting
 + Level 9.1 Axes
 + Level 5.9 Armour
 + Level 4.0 Dodging
 + Level 0.1 Stealth
 + Level 7.3 Shields


You had 7 spell levels left.
You didn't know any spells.

Dungeon Overview and Level Annotations

Branches:
Dungeon (7/15)
 Temple: D:4-7

Altars:
Ashenzari
Ru
Trog
Yredelemnul

Shops:
D:5 }   D:6 [


Innate Abilities, Weirdness & Mutations

You reflexively headbutt those who attack you in melee.
You have a pair of horns on your head.


Message History

You headbutt the killer bee, but do no damage.
You block the killer bee's attack.
You barely miss the killer bee. Your headbutt misses the killer bee.
The killer bee is heavily wounded.
You feel sick. The killer bee closely misses you.
You block the killer bee's attack. The killer bee closely misses you.
You furiously retaliate!
You headbutt the killer bee.
Your shield and ring mail prevent you from hitting the killer bee.
The killer bee is heavily wounded.
The killer bee stings you.
* * * LOW HITPOINT WARNING * * *
The killer bee barely misses you.
You miss the killer bee. Your headbutt misses the killer bee.
The killer bee is heavily wounded.
You feel sick. The killer bee stings you.
* * * LOW HITPOINT WARNING * * *
The killer bee completely misses you.
It was a potion of cure mutation.
It has a very clean taste.
The killer bee stings you.
You die...

....))....########....######'##..
....)....###.....#....#.......#..
..............._.#....#.......'..
......)((###.....#....#...##+##..
########...########...#..........
# #......#...#...#.......... #
#).....'...#...#.......... #
#......#..y#...####....... #
#......#.@.#....'_#....... #
#......#####...####....... #
####'#...........#........##
#∩'.=#...........#........#.
###..#...........#........#.
##'#...........#...#....#.
#######....#+###'#########....#.
#.....#....#.........# #....#.
#.....'..(.#.........#####....#.


You could see a killer bee.

Vanquished Creatures
  A hippogriff (D:4)
  Eustachio (D:6)
  An ice beast (D:5)
  2 ogres
  A centaur (D:6)
  A bullfrog (D:5)
  A scorpion (D:4)
  A killer bee (D:6)
  A howler monkey (D:4)
  A crimson imp (D:5)
  2 centaur zombies
  3 orc priests
  6 hounds
  A bullfrog skeleton (D:6)
  An iguana (D:5)
  Natasha (D:3)
  7 orc wizards
  4 worker ants
  2 hound skeletons
  10 adders
  An ooze (D:1)
  2 worms
  2 dart slugs (D:1)
  2 leopard geckos
  29 orcs
  7 bats
  9 giant cockroaches
  4 goblins
  7 hobgoblins
  6 jackals (D:6)
  A quokka (D:3)
  11 frilled lizards
  3 jackal skeletons
  5 kobolds
  A leopard gecko skeleton (D:4)
  A leopard gecko zombie (D:5)
  4 rats
143 creatures vanquished.

Notes
Turn   | Place    | Note
-------+----------+-------------------------------------------
     0 | D:1      | McKennaii the Minotaur Fighter began the quest for the Orb.
     0 | D:1      | Reached XP level 1. HP: 19/19 MP: 0/0
   144 | D:1      | Reached XP level 2. HP: 27/27 MP: 1/1
   482 | D:1      | Reached XP level 3. HP: 28/33 MP: 2/2
   963 | D:2      | Reached skill level 3 in Axes
   998 | D:2      | Reached XP level 4. HP: 35/41 MP: 3/3
  1172 | D:3      | Reached skill level 4 in Axes
  1172 | D:3      | Reached XP level 5. HP: 30/47 MP: 4/4
  1589 | D:3      | Reached skill level 1 in Dodging
  1697 | D:3      | Reached skill level 5 in Fighting
  1712 | D:3      | Found a sacrificial altar of Ru.
  1856 | D:4      | Noticed Natasha
  1872 | D:3      | Killed Natasha
  1872 | D:3      | Reached XP level 6. HP: 44/56 MP: 5/5
  1953 | D:4      | Reached skill level 5 in Axes
  1958 | D:4      | Noticed a hippogriff
  1980 | D:4      | Reached skill level 5 in Shields
  2157 | D:4      | Killed a hippogriff
  2157 | D:4      | Reached skill level 5 in Armour
  2157 | D:4      | Reached XP level 7. HP: 22/61 MP: 6/6
  2541 | D:4      | Reached skill level 6 in Axes
  2654 | D:5      | Entered Level 5 of the Dungeon
  2721 | D:5      | Reached skill level 7 in Axes
  2835 | D:5      | Reached XP level 8. HP: 48/70 MP: 7/7
  3182 | D:5      | Reached skill level 8 in Axes
  3195 | D:5      | Found Upuari Wuasa's Gadget Shoppe.
  3332 | D:6      | Noticed Eustachio
  3353 | D:6      | Killed Eustachio
  3418 | D:6      | Found a basalt altar of Yredelemnul.
  3755 | D:6      | Reached skill level 9 in Axes
  3786 | D:6      | Found a shattered altar of Ashenzari.
  3831 | D:6      | Found a bloodstained altar of Trog.
  3919 | D:6      | Found Vemnol's Antique Armour Shop.
  4037 | D:6      | Slain by a killer bee

Skill      XL: |  1  2  3  4  5  6  7  8 |
---------------+-------------------------+-----
Armour         | 4 5 |  5.9
Fighting       | 4 5 6 |  6.2
Shields        | 4 5 6 7 |  7.3
Axes           | 3 4 5 7 9 |  9.1
Dodging        | 1 2 4 |  4.0
Stealth        | |  0.1

Action                   |  1- 3 |  4- 6 |  7- 9 || total
-------------------------+-------+-------+-------++-------
Melee: War axe           |    63 |   111 |   174 ||   348
       Headbutt          |     9 |    24 |    32 ||    65
  Use: Scroll            |     3 |       |       ||     3
       Potion            |       |       |     1 ||     1
  Eat: Chunk             |       |     4 |     6 ||    10
Armor: Scale mail        |    41 |     2 |       ||    43
       Ring mail         |       |    45 |    48 ||    93
Dodge: Dodged            |    21 |    51 |    60 ||   132
Block: Shield            |    28 |    66 |    91 ||   185
